 Dungeon Crawl Stone Soup version 0.23-a0-481-g60b89c1 (webtiles) character file.

606958 rgaf the Warrior (level 27, -1/265 HPs)
             Began as a Naga Fire Elementalist on Nov 29, 2018.
             Was the Champion of Vehumet.
             Succumbed to a green death's bolt of poison
             ... on level 4 of the Depths.
             The game lasted 03:06:11 (82404 turns).

rgaf the Warrior (Naga Fire Elementalist)          Turns: 82404, Time: 03:06:12

Health: -1/265     AC: 33    Str: 16    XL:     27
Magic:  15/49      EV:  7    Int: 31    God:    Vehumet [******]
Gold:   2860       SH: 23    Dex: 15    Spells: 11/63 levels left

rFire    + + .     SeeInvis +   a - +9 staff of Wucad Mu {channel}
rCold    + + .     Gourm    .   u - +1 large shield
rNeg     + . .     Faith    .   E - quicksilver dragon scales
rPois    +         Spirit   .   v - +0 Maxwell's etheric cage {RegenMP+ *Contam rElec MP+4}
rElec    +         Reflect  +   k - +2 cloak {MR+}
rCorr    +         Harm     .   h - +1 pair of gloves {Str+3}
MR       +++++                  t - +2 naga barding {rC+}
Stlth    +.........             R - +3 amulet of reflection
HPRegen  0.54/turn              J - ring of Qawnurua {rN+ Int+4} MPRegen 0.81/turn*
                                p - ring "Unket" {rElec rF+ Int+2}

@: lethally poisoned (-1 -> -12), resistant, contaminated, glowing, studying 2
skills, very slow
A: large, see invisible, deformed body, poison resistance, slowness 2, slow
metabolism 1, spit poison 1, strong 1, constrict 1, AC +9
}: 4/15 runes: decaying, serpentine, slimy, silver
a: Spit Poison, Renounce Religion


You were on level 4 of the Depths.
You worshipped Vehumet.
Vehumet was exalted by your worship.
You were not hungry.

You visited 10 branches of the dungeon, and saw 50 of its levels.
You visited 1 ziggurat, and saw 10 of its levels.
You also visited: Trove and Wizlab.

You collected 6794 gold pieces.
You spent 3934 gold pieces at shops.

Inventory:

Hand Weapons
 a - the +9 staff of Wucad Mu (weapon) {channel}
   (You took it off a deep elf high priest on level 3 of the Elven Halls)
 b - a +3 demon trident of draining
 A - the +7 long sword of Okawaru's Approval {flame, Int+6}
   (You took it off a deep elf annihilator on level 3 of the Elven Halls)

   It has been specially enchanted to burn those struck by it, causing extra
   injury to most foes and up to half again as much damage against particularly
   susceptible opponents.
   Big, fiery blades are also staple armaments of hydra-hunters.
   It affects your intelligence (+6).
Armour
 h - a +1 pair of gloves of strength (worn)
 k - a +2 cloak of magic resistance (worn)
 t - a +2 naga barding of cold resistance (worn)
 u - a +1 large shield (worn)
 v - the +0 Maxwell's etheric cage (worn) {RegenMP+ *Contam rElec MP+4}
   (You found it on level 6 of the Lair of Beasts)

   It insulates you from electricity.
   It affects your magic capacity (+4).
   It causes magical contamination when unequipped.
 E - quicksilver dragon scales (worn)
 Y - the +2 hat of the Bear Spirit {Spirit, +Rage rN+ MR++}
   (You bought it in a shop on level 1 of the Snake Pit)

   It protects you from negative energy.
   It affects your resistance to hostile enchantments.
   It lets you go berserk.
Jewellery
 p - the ring "Unket" (right hand) {rElec rF+ Int+2}
   (You took it off a deep elf mage on level 3 of the Elven Halls)

   [ring of protection from fire]

   It affects your intelligence (+2).
   It protects you from fire.
   It insulates you from electricity.
 s - the ring of Midnight {Str+3 Int+3 Stlth+}
   (You found it on level 4 of a ziggurat)

   [ring of stealth]

   It affects your strength (+3).
   It affects your intelligence (+3).
   It makes you more stealthy.
 B - the ring "Fyzeaf" {rCorr rElec Int+5 Dex+2}
   (You took it off a yaktaur captain on level 5 of the Vaults)

   [ring of resist corrosion]

   It affects your intelligence (+5).
   It affects your dexterity (+2).
   It insulates you from electricity.
 J - the ring of Qawnurua (left hand) {rN+ Int+4}
   (You found it on level 3 of the Vaults)

   [ring of positive energy]

   It affects your intelligence (+4).
   It protects you from negative energy.
 M - a +5 ring of evasion
 R - a +3 amulet of reflection (around neck)
Wands
 D - a wand of digging (8)
 F - a wand of acid (10)
 G - a wand of scattershot (3)
 H - a wand of clouds (7)
 T - a wand of iceblast (24)
Scrolls
 g - 13 scrolls of immolation
 i - 28 scrolls of remove curse
 o - 6 scrolls of fear
 q - 26 scrolls of teleportation
 y - 9 scrolls of fog
 C - 10 scrolls of identify
 L - 7 scrolls of magic mapping
 N - 6 scrolls of torment
 P - 12 scrolls of amnesia
 S - 12 scrolls of enchant armour
 W - 4 scrolls of holy word
Potions
 d - 10 potions of heal wounds
 e - 10 potions of flight
 f - 7 potions of lignification
 j - 7 potions of might
 l - 8 potions of cancellation
 m - 21 potions of curing
 n - 10 potions of brilliance
 r - 5 potions of berserk rage
 w - 6 potions of resistance
 z - 9 potions of haste
 K - 9 potions of agility
 Q - 6 potions of mutation
 U - 2 potions of magic
 X - 2 potions of invisibility
 Z - 4 potions of ambrosia
Books
 x - a manual of Poison Magic
 O - a manual of Summonings
Miscellaneous
 V - a crystal ball of energy
Comestibles
 c - 53 rations


   Skills:
 - Level 19.1 Fighting
 - Level 14.0 Polearms
 - Level 11.0 Armour
 - Level 1.5 Dodging
 - Level 3.0 Stealth
 - Level 15.0 Shields
 - Level 18.5 Spellcasting
 + Level 19.0 Conjurations
 - Level 18.7 Fire Magic
 + Level 9.3 Earth Magic
 - Level 14.4 Evocations


You had 11 spell levels left.
You knew the following spells:

 Your Spells              Type           Power        Failure   Level  Hunger
a - Ignition              Fire           #######...   1%          8    #####..
b - Iron Shot             Conj/Erth      #######...   1%          6    None
c - Shatter               Erth           ######....   100%        9    #######
d - Fireball              Conj/Fire      #######...   1%          5    None
e - Searing Ray           Conj           ######       0%          2    None
f - Bolt of Fire          Conj/Fire      #######...   1%          6    None
g - Ignite Poison         Fire/Tmut/Pois ######..     1%          3    None
h - Fire Storm            Conj/Fire      #######...   24%         9    #######
i - Sticky Flame          Conj/Fire      #######.     0%          4    None

Your spell library contained the following spells:

 Spells                   Type           Power        Failure   Level  Hunger
 Chain Lightning          Conj/Air       ######....   56%         8    #####..
 Flame Tongue             Conj/Fire      #####        0%          1    None
 Magic Dart               Conj           ####         0%          1    None
 Throw Flame              Conj/Fire      ######       0%          2    None
 Conjure Flame            Conj/Fire      #######.     0%          3    None
 Stone Arrow              Conj/Erth      ######       0%          3    None
 Freeze                   Ice            ####         1%          1    None
 Shock                    Conj/Air       ####         1%          1    None
 Sting                    Conj/Pois      ####         1%          1    None
 Passwall                 Tmut/Erth      ######..     1%          2    None
 Throw Frost              Conj/Ice       ######       1%          2    None
 Dazzling Spray           Conj/Hex       ######       1%          3    None
 Inner Flame              Hex/Fire       ######..     1%          3    None
 Mephitic Cloud           Conj/Pois/Air  ######..     1%          3    None
 Static Discharge         Conj/Air       ######..     1%          3    None
 Force Lance              Conj/Tloc      ######..     1%          4    None
 Throw Icicle             Conj/Ice       ######..     1%          4    None
 Bolt of Draining         Conj/Necr      ######....   1%          5    None
 Bolt of Magma            Conj/Fire/Erth #######...   1%          5    None
 Irradiate                Conj/Tmut      ######....   1%          5    None
 Iskenderun's Battlesphe  Conj/Chrm      ######..     1%          5    None
 Lee's Rapid Deconstruct  Erth           ######....   1%          5    None
 Lightning Bolt           Conj/Air       ######....   1%          5    None
 Venom Bolt               Conj/Pois      ######....   1%          5    None
 Bolt of Cold             Conj/Ice       ######....   1%          6    None
 Orb of Destruction       Conj           #######...   1%          7    ####...
 Animate Skeleton         Necr           N/A          2%          1    None
 Apportation              Tloc           ####..       2%          1    None
 Confusing Touch          Hex            ####..       2%          1    None
 Corona                   Hex            ####...      2%          1    None
 Infusion                 Chrm           ####         2%          1    None
 Pain                     Necr           ####         2%          1    None
 Summon Butterflies       Summ           ####....     2%          1    None
 Summon Small Mammal      Summ           ####         2%          1    None
 Blink                    Tloc           N/A          3%          2    None
 Call Imp                 Summ           ####....     3%          2    None
 Corpse Rot               Necr           N/A          3%          2    None
 Ensorcelled Hibernation  Hex/Ice        ####..       3%          2    None
 Poisonous Vapours        Pois/Air       ####..       3%          2    None
 Slow                     Hex            ####....     3%          2    None
 Song of Slaying          Chrm           ####....     3%          2    None
 Sublimation of Blood     Necr           ####......   3%          2    None
 Swiftness                Chrm/Air       ####....     3%          2    None
 Leda's Liquefaction      Hex/Erth       ######....   3%          4    None
 Petrify                  Tmut/Erth      ######..     3%          4    None
 Airstrike                Air            ####......   6%          4    None
 Call Canine Familiar     Summ           ####....     7%          3    None
 Confuse                  Hex            ####....     7%          3    None
 Gell's Gravitas          Tloc           ####......   7%          3    None
 Lesser Beckoning         Tloc           ####......   7%          3    None
 Ozocubu's Armour         Chrm/Ice       ####....     7%          3    None
 Portal Projectile        Hex/Tloc       ####..       7%          3    None
 Recall                   Summ/Tloc      N/A          7%          3    None
 Regeneration             Chrm/Necr      ####......   7%          3    None
 Spectral Weapon          Hex/Chrm       ####....     7%          3    None
 Tukima's Dance           Hex            ####....     7%          3    None
 Vampiric Draining        Necr           ####......   7%          3    None
 Freezing Cloud           Conj/Ice/Air   ######....   7%          6    None
 Borgnjor's Vile Clutch   Necr/Erth      ######....   9%          5    None
 Spellforged Servitor     Conj/Summ      ######....   11%         7    ####...
 Yara's Violent Unravell  Hex/Tmut       ####......   16%         5    None
 Animate Dead             Necr           N/A          22%         4    None
 Cause Fear               Hex            ####......   22%         4    None
 Ice Form                 Ice/Tmut       ####....     22%         4    None
 Passage of Golubria      Tloc           N/A          22%         4    None
 Summon Ice Beast         Ice/Summ       ####....     22%         4    None
 Ring of Flames           Chrm/Fire      ######....   36%         7    ####...
 Statue Form              Tmut/Erth      ######...    45%         6    None
 Agony                    Necr           ####....     52%         5    None
 Alistair's Intoxication  Tmut/Pois      ####....     52%         5    None
 Aura of Abjuration       Summ           ####......   52%         5    None
 Dispel Undead            Necr           ####....     52%         5    None
 Excruciating Wounds      Chrm/Necr      ####......   52%         5    None
 Metabolic Englaciation   Hex/Ice        ####......   52%         5    None
 Silence                  Hex/Air        ####......   52%         5    None
 Summon Demon             Summ           ####......   52%         5    None
 Summon Forest            Summ/Tloc      ####......   52%         5    None
 Summon Mana Viper        Hex/Summ       ####....     52%         5    None
 Ozocubu's Refrigeration  Ice            ####......   61%         6    None
 Darkness                 Hex            ####......   98%         6    None
 Deflect Missiles         Chrm/Air       ####......   98%         6    None
 Dispersal                Tloc           ####......   98%         6    None
 Hydra Form               Tmut           ####......   98%         6    None
 Invisibility             Hex            ####....     98%         6    None
 Shadow Creatures         Summ           N/A          98%         6    None
 Simulacrum               Ice/Necr       ####......   98%         6    None
 Dragon Form              Tmut           ####......   100%        7    ####...
 Haunt                    Necr/Summ      ####......   100%        7    ####...
 Summon Hydra             Summ           ####......   100%        7    ####...
 Borgnjor's Revivificati  Necr           ####......   100%        8    #####..
 Controlled Blink         Tloc           N/A          100%        8    #####..
 Death's Door             Chrm/Necr      ####......   100%        8    #####..
 Discord                  Hex            ####......   100%        8    #####..
 Disjunction              Tloc           ####......   100%        8    #####..
 Infestation              Necr           ####......   100%        8    #####..
 Necromutation            Tmut/Necr      ####......   100%        8    #####..
 Dragon's Call            Summ           ####......   100%        9    #######


Dungeon Overview and Level Annotations

Branches:
Dungeon (15/15)            Temple (1/1) D:6            Lair (6/6) D:10
  Swamp (4/4) Lair:3        Snake (4/4) Lair:3        Slime (5/5) Lair:5
    Orc (2/2) D:12            Elf (3/3) Orc:2        Vaults (5/5) D:13
 Depths (5/5) D:15            Zot (0/5) Depths:5
  Crypt: Vaults:2-3

Altars:
Ashenzari
Cheibriados
Dithmenos
Elyvilon
Fedhas
Gozag
Hepliaklqana
Kikubaaqudgha
Makhleb
Nemelex Xobeh
Okawaru
Qazlal
Ru
Sif Muna
Trog
Uskayaw
Vehumet
Wu Jian
Xom
Yredelemnul
Zin
The Shining One
Beogh
Jiyva

Shops:
D:5 }   D:6 [   D:8 ?*   D:12 [(   Orc:2 (:(**[!   Elf:2 *   Snake:1 [
Snake:4 =   Depths:4 (

Portals:
Hell: Depths:1 Depths:2 Depths:3 Depths:4 Depths:5
Abyss: Depths:4 Depths:5
Pandemonium: Depths:3

Annotations:
D:8 3 runed doors, drazt1k's ghost, novice OpTm
D:11 2 runed doors
Lair:3 exclusion: orange crystal statue
Lair:5 exclusion: door
Swamp:1 exclusion: Roxanne, Roxanne
Elf:2 3 runed doors
Vaults:4 3 runed doors, Loreboh's ghost, veteran MiBe; rgaf's ghost, veteran DsFE
Depths:5 3 runed doors, garbled's ghost, legendary FoWn


Innate Abilities, Weirdness & Mutations

You cannot wear boots.
Your serpentine skin is tough. (AC +9)
You have supernaturally acute eyesight. (SInv)
Armour fits poorly on your strangely shaped body.
Your system is resistant to poisons. (rPois)
You cover ground very slowly.
You have a slow metabolism.
You can spit poison.
You can use your snake-like lower body to constrict enemies.
Your muscles are strong. (Str +2)


Message History

The Hell Sentinel completely resists.
The bolt of poison hits you! You resist.
The merfolk javelineer hits you but does no damage.
The Hell Sentinel hits you but does no damage.
The Hell Sentinel closely misses you.
The monstrous blood saint calls on the powers of chaos!
The torturous corrupter seems to grow stronger.
The Hell Sentinel blinks!
The red devil suddenly seems more resistant.
The Executioner suddenly seems more agile.
The infernal black sun suddenly seems more resistant.
The green death seems to speed up.
The ice devil suddenly seems more resistant.
The torpor snail seems to speed up.
The merfolk javelineer suddenly seems more resistant.
The azure jelly suddenly seems more agile.
The Executioner hits you but does no damage.
The Executioner barely misses you. You block the Executioner's attack.
Welcome back to the Depths!
You feel yourself speed up.
You die...

### ##.## ##...## ###
####..#..## ..#
#####....##...## ..#
#.......##..#..# ..#
#....#.##.@.##.#
..#####....#..##.1#..#
..##.......##..##...##
..##.......##...#[..#
..##.......#..#...#.#
..##................#
.........#.##########
####...#.#.################
........[..>..............#


You could see an Executioner.

Vanquished Creatures
  the Royal Jelly (Slime:5)
  Dissolution (Slime:2)
  2 juggernauts (Depths:3)
  the Lernaean hydra (Swamp:4)
  A caustic shrike (Depths:4)
  Vashnia (Snake:3)
  A Killer Klown (Zig:5)
  Jory (Depths:4)
  4 golden dragons
  A profane servitor (Zig:6)
  A bone dragon (Depths:5)
  2 Tzitzimimeh
  A lich (Vaults:5)
  2 tentacled monstrosities (Depths:3)
  A deep elf blademaster (Elf:3)
  4 titans
  20 acid blobs
  An eldritch tentacle (WizLab)
  A deep elf master archer (Elf:3)
  12 tengu reavers
  2 storm dragons
  2 thorn hunters
  10 sphinxes
  4 shadow dragons
  19 azure jellies
  13 nagarajas
  A revenant (Zig:6)
  8 frost giants
  An iron dragon (Vaults:5)
  9 fire giants
  11 deep elf sorcerers
  Louise (D:15)
  A frost giant (shapeshifter) (Zig:5)
  11 vault wardens
  A draconian shifter (Depths:5)
  A ghoul (Vaults:4)
  A curse skull (Vaults:2)
  4 orc warlords
  A ghost moth (Zig:9)
  4 deep elf elementalists
  A draconian stormcaller (Depths:5)
  An angel (Depths:4)
  3 entropy weavers
  17 ironheart preservers
  2 spriggan defenders (Depths:4)
  2 reapers
  25 very ugly things
  23 stone giants
  3 vampire knights
  11 deep elf demonologists
  12 deep elf annihilators
  2 white draconians (Depths:5)
  A purple draconian (Depths:5)
  2 red draconians
  Azrael (Snake:3)
  11 ettins
  2 merfolk javelineers
  9 death oozes
  8 deep elf death magi
  10 fire dragons
  A small abomination (Vaults:5)
  14 yaktaur captains
  11 deep elf high priests
  10 great orbs of eyes
  31 vault guards
  6 rakshasas
  Fannar (D:11)
  7 spriggan air magi
  12 ice dragons
  22 naga warriors
  20 hydras
  A ghost crab (Swamp:3)
  2 catoblepae (D:13)
  5 centaur warriors
  4 shambling mangroves
  15 alligators
  12 anacondas
  14 dancing weapons
  3 tengu warriors
  44 two-headed ogres
  13 ogre magi
  5 death knights
  An alligator (shapeshifter) (Vaults:2)
  A vampire mage (Vaults:2)
  4 deep troll earth magi
  2 deep troll shamans
  A thrashing horror (WizLab)
  4 orc high priests (Orc:2)
  8 shock serpents
  11 naga sharpshooters
  A soul eater (WizLab)
  4 spriggan berserkers
  11 hell knights
  26 deep elf knights
  6 skeletal warriors
  A sixfirhy (WizLab)
  4 iron trolls
  2 salamander mystics
  4 shadow wraiths
  10 sea snakes (Snake:4)
  2 swamp dragons (shapeshifter)
  2 flayed ghosts
  17 deep elf archers
  A golden dragon zombie (Depths:3)
  27 deep trolls
  4 unseen horrors
  6 wizards
  8 necromancers
  2 glowing orange brains
  5 phantasmal warriors
  A glowing orange brain (shapeshifter) (Zig:8)
  7 naga ritualists
  12 swamp dragons
  13 ironbrand convokers
  22 harpies
  An orb spider (shapeshifter) (Vaults:4)
  An obsidian statue (WizLab)
  4 orb spiders (Zig:9)
  An orange crystal statue (Depths:1)
  73 ugly things
  6 orc sorcerers
  A shadow dragon zombie (Depths:1)
  19 orc knights
  A tengu skeleton (Vaults:3)
  6 oklob plants
  8 wolf spiders
  6 shining eyes
  A moth of wrath (Zig:7)
  A faun (shapeshifter) (Vaults:5)
  6 mana vipers
  3 manticores
  4 cyclopes
  A human zombie (Vaults:3)
  A sphinx skeleton (Depths:3)
  16 salamanders
  61 deep elf magi
  A cyclops (shapeshifter) (Vaults:2)
  A worldbinder (WizLab)
  A fire giant skeleton (Depths:1)
  10 elephants
  An ice statue (Zig:3)
  13 guardian serpents
  3 centaur zombies
  A rust devil (Depths:1)
  53 black mambas
  A frost giant skeleton (Depths:3)
  2 water nymphs (shapeshifter)
  14 vault sentinels
  2 eyes of devastation
  29 spiny frogs
  33 naga magi
  2 torpor snails
  A guardian serpent (shapeshifter) (Vaults:1)
  A smoke demon (WizLab)
  2 kobold demonologists
  A gargoyle (D:15)
  A rime drake (shapeshifter) (Depths:1)
  A yaktaur zombie (Vaults:3)
  48 yaktaurs
  5 rime drakes
  9 komodo dragons
  3 demonic crawlers
  11 freezing wraiths
  2 red devils (WizLab)
  10 tengu conjurers
  A hellwing (WizLab)
  A guardian mummy (Zig:1)
  A troll (shapeshifter) (Vaults:1)
  9 polar bears (Lair:6)
  6 jumping spiders
  A jumping spider (shapeshifter) (Vaults:2)
  A raiju (shapeshifter) (Vaults:2)
  24 hornets
  5 tyrant leeches
  10 trolls
  3 raiju
  19 blink frogs
  82 slime creatures
  7 hippogriffs
  A deep troll zombie (Zig:1)
  A meliai zombie (D:12)
  15 bog bodies
  An ice dragon zombie (Depths:1)
  A fire giant simulacrum (Vaults:3)
  5 spriggans
  A centaur simulacrum (D:15)
  A spriggan (shapeshifter) (Vaults:5)
  3 shadows
  4 air elementals
  An ettin skeleton (Depths:1)
  14 redbacks
  12 wyverns
  10 water elementals
  A ynoxinul (WizLab)
  An ice dragon skeleton (Depths:1)
  6 fire elementals
  32 yaks
  2 tarantellas (Zig:9)
  2 yaks (shapeshifter)
  6 basilisks
  2 chaos spawn
  6 hungry ghosts
  A basilisk (shapeshifter) (Vaults:1)
  15 swamp worms
  10 vampire mosquitoes
  64 nagas
  16 wargs
  A warg (shapeshifter) (Vaults:5)
  2 human simulacra
  A soldier ant (shapeshifter) (Vaults:4)
  A swamp worm (shapeshifter) (Zig:5)
  4 acid dragons
  3 spatial vortices (WizLab)
  17 water moccasins
  8 porcupines
  18 insubstantial wisps
  A torturous demonspawn skeleton (WizLab)
  2 acid dragons (shapeshifter)
  A floating eye (Depths:3)
  15 hell hounds
  A sky beast (D:15)
  51 orc warriors
  12 swamp drakes
  An ogre skeleton (WizLab)
  4 ice beasts
  14 black bears
  8 eyes of draining
  42 ogres
  3 necrophages
  An eye of draining (shapeshifter) (Vaults:5)
  41 wolves
  12 boggarts
  16 centaurs
  13 crocodiles
  A big kobold (D:12)
  14 bullfrogs
  3 earth elementals
  A gnoll sergeant (D:11)
  A wyvern skeleton (D:7)
  A water moccasin skeleton (D:8)
  9 scorpions
  7 wights
  12 killer bees
  5 electric eels (D:10)
  6 howler monkeys
  15 crimson imps
  11 lava snakes
  10 hounds
  15 orc priests
  2 iron imps
  4 jellies
  A bullfrog skeleton (D:11)
  4 centaur skeletons
  31 orc wizards
  Ijyb (D:3)
  3 iguanas
  16 worker ants
  A killer bee zombie (D:10)
  A hound skeleton (D:7)
  2 worker ant zombies
  3 gnolls (D:4)
  2 howler monkey skeletons
  19 adders
  7 shadow imps
  A white imp (Depths:2)
  An ufetubus (WizLab)
  An ooze (D:2)
  An adder zombie (D:9)
  5 adder skeletons
  4 dart slugs
  5 leopard geckos
  77 orcs
  9 giant cockroaches
  6 goblins
  8 hobgoblins
  13 jackals
  9 kobolds
  6 quokkas
  3 ball pythons
  9 bats
  10 frilled lizards
  A jackal skeleton (D:8)
  3 leopard gecko skeletons
  A quokka zombie (D:9)
  5 rats
  10 crawling corpses
  3 fungi
  7 plants
2379 creatures vanquished.

Vanquished Creatures (others)
  3 stone giants
  4 yaktaur captains
  2 centaur warriors (D:15)
  An alligator (Swamp:2)
  An ogre mage (Vaults:4)
  A naga sharpshooter (Snake:3)
  A deep elf archer (Elf:1)
  A deep elf mage (Vaults:5)
  An ugly thing (Vaults:3)
  A cyclops (Vaults:1)
  A naga mage (Snake:1)
  A vault sentinel (Vaults:5)
  13 yaktaurs
  A blink frog (Swamp:4)
  7 centaurs
  A bullfrog (D:6)
  An iguana (D:6)
  2 orcs
  A giant cockroach (D:6)
  A bush (Swamp:4)
  5 fire vortices
  63 fungi
  A lurking horror (WizLab)
  44 plants
  3 withered plants (Vaults:4)
161 creatures vanquished.

Grand Total: 2540 creatures vanquished

Notes
Turn   | Place    | Note
-------+----------+-------------------------------------------
     0 | D:1      | rgaf the Naga Fire Elementalist began the quest for the
                  | Orb.
     0 | D:1      | Reached XP level 1. HP: 15/15 MP: 3/3
    89 | D:1      | Reached XP level 2. HP: 2/22 MP: 0/5
  1056 | D:1      | Reached XP level 3. HP: 28/28 MP: 3/6
  1726 | D:1      | Learned a level 3 spell: Conjure Flame
  2262 | D:2      | Reached XP level 4. HP: 36/36 MP: 7/7
  3145 | D:3      | Reached XP level 5. HP: 40/42 MP: 9/9
  3507 | D:3      | Noticed Ijyb
  3512 | D:3      | Killed Ijyb
  4222 | D:4      | Reached XP level 6. HP: 49/49 MP: 10/10
  4446 | D:4      | Learned a level 4 spell: Sticky Flame
  4610 | D:4      | Reached skill level 5 in Fire Magic
  5124 | D:4      | Found a white marble altar of Elyvilon.
  5313 | D:5      | Entered Level 5 of the Dungeon
  5324 | D:5      | Reached XP level 7. HP: 50/55 MP: 12/12
  5953 | D:5      | Reached skill level 5 in Conjurations
  6221 | D:5      | Found Puda's Gadget Shoppe.
  6563 | D:6      | Reached XP level 8. HP: 62/62 MP: 12/14
  6729 | D:6      | Found a radiant altar of Vehumet.
  6744 | D:6      | Became a worshipper of Vehumet
  6907 | D:6      | Found Padosch's Armour Shoppe.
  6916 | D:6      | Bought a +0 pair of gloves for 67 gold pieces
  6991 | D:6      | Found a basalt altar of Yredelemnul.
  7096 | D:6      | Learned a level 5 spell: Fireball
  7306 | D:6      | Found a staircase to the Ecumenical Temple.
  8067 | D:7      | Found a sacrificial altar of Ru.
  8456 | D:7      | Reached XP level 9. HP: 68/68 MP: 16/16
  8538 | D:6      | Reached skill level 5 in Spellcasting
  8611 | D:7      | Reached * piety under Vehumet
  8611 | D:7      | Offered knowledge of Sting by Vehumet.
  8924 | D:7      | Identified the +5 falchion of Watchfulness {venom, *Rage
                  | +Blink rN++ Int+3 Dex-3}
  9816 | D:8      | Noticed a komodo dragon
  9817 | D:8      | Noticed a brown ugly thing
  9820 | D:8      | Killed a komodo dragon
 10100 | D:8      | Reached XP level 10. HP: 75/75 MP: 18/18
 10236 | D:8      | Killed a brown ugly thing
 10497 | D:8      | Noticed drazt1k's ghost (novice OpTm)
 10614 | D:8      | Found Lyacyin's Assorted Antiques.
 10780 | D:8      | Reached ** piety under Vehumet
 10912 | D:8      | Offered knowledge of Searing Ray by Vehumet.
 11066 | D:8      | Learned a level 2 spell: Searing Ray
 11211 | D:8      | Found Faecooph's Magic Scroll Emporium.
 11219 | D:8      | Bought a scroll of magic mapping for 35 gold pieces
 11427 | D:8      | Reached skill level 10 in Fire Magic
 11462 | D:8      | Found a runed gate.
 11462 | D:8      | Found a runed gate.
 11462 | D:8      | Found a runed gate.
 12186 | D:9      | Noticed a two-headed ogre
 12194 | D:9      | Killed a two-headed ogre
 12194 | D:9      | Reached skill level 10 in Conjurations
 12436 | D:9      | Offered knowledge of Throw Frost by Vehumet.
 12847 | D:9      | Noticed a two-headed ogre
 12853 | D:9      | Killed a two-headed ogre
 12853 | D:9      | Reached XP level 11. HP: 81/81 MP: 10/21
 13120 | D:9      | Found an opulent altar of Gozag.
 13219 | D:10     | Entered Level 10 of the Dungeon
 13220 | D:10     | Noticed a two-headed ogre
 13222 | D:10     | Killed a two-headed ogre
 13533 | D:10     | Reached *** piety under Vehumet
 13740 | D:10     | Found a staircase to the Lair.
 14343 | D:10     | Found a stormy altar of Qazlal.
 14392 | D:10     | Offered knowledge of Static Discharge by Vehumet.
 14851 | D:10     | Learned a level 6 spell: Bolt of Fire
 15072 | D:11     | Noticed Fannar
 15121 | D:11     | Noticed a green ugly thing
 15125 | D:11     | Killed a green ugly thing
 15582 | D:11     | Found a large runed door.
 15582 | D:11     | Noticed an unseen horror
 15583 | D:11     | Found a large runed door.
 15584 | D:11     | Noticed a cyclops
 15596 | D:11     | Killed an unseen horror
 15982 | D:11     | Reached **** piety under Vehumet
 15984 | D:11     | Killed a cyclops
 16241 | D:11     | Offered knowledge of Ignite Poison by Vehumet.
 16250 | D:11     | Learned a level 3 spell: Ignite Poison
 16534 | D:11     | Killed Fannar
 16648 | D:11     | Noticed a two-headed ogre
 16654 | D:11     | Killed a two-headed ogre
 16654 | D:11     | Reached XP level 12. HP: 88/88 MP: 10/24
 17115 | Lair:1   | Entered Level 1 of the Lair of Beasts
 17134 | D:10     | Reached skill level 1 in Fighting
 17188 | Lair:1   | Reached skill level 1 in Shields
 19308 | Lair:2   | Noticed a seven-headed hydra
 19311 | Lair:2   | Killed a seven-headed hydra
 19311 | Lair:2   | Reached skill level 5 in Fighting
 19687 | Lair:3   | Found a staircase to the Snake Pit.
 19692 | Lair:3   | Gained mutation: You can use your snake-like lower body to
                  | constrict enemies. [Naga growth]
 19692 | Lair:3   | Reached XP level 13. HP: 97/110 MP: 26/26
 20109 | Lair:3   | Found a staircase to the Swamp.
 20475 | Lair:3   | Reached skill level 10 in Spellcasting
 20476 | Lair:3   | Reached skill level 5 in Shields
 21184 | Lair:4   | Reached ***** piety under Vehumet
 22023 | Lair:5   | Offered knowledge of Lee's Rapid Deconstruction by Vehumet.
 22485 | Lair:5   | Found a runed door.
 22651 | Lair:5   | Found a viscous altar of Jiyva.
 22652 | Lair:5   | Found a staircase to the Slime Pits.
 23586 | Lair:6   | Entered Level 6 of the Lair of Beasts
 24080 | Lair:6   | Reached XP level 14. HP: 127/127 MP: 29/29
 24897 | Lair:6   | Offered knowledge of Bolt of Magma by Vehumet.
 27061 | Lair:6   | Got a bloodstained demon blade
 27062 | Lair:6   | Identified the +6 demon blade of Fishro {venom, MR+ Str-4
                  | Dex+4} (You found it on level 6 of the Lair of Beasts)
 27135 | Lair:6   | Reached skill level 10 in Fighting
 27622 | Lair:6   | Found the +0 Maxwell's etheric cage {RegenMP+ *Contam rElec
                  | MP+4}
 27988 | D:12     | Found Suemmuqa's Armour Boutique.
 28335 | D:12     | Found a staircase to the Orcish Mines.
 28401 | D:12     | Found Awnosiog's Weapon Boutique.
 28414 | D:12     | Bought a +1 pair of gloves of strength for 231 gold pieces
 28663 | D:12     | Offered knowledge of Irradiate by Vehumet.
 28834 | Orc:1    | Entered Level 1 of the Orcish Mines
 29188 | Orc:1    | Found a roughly hewn altar of Beogh.
 29414 | Orc:1    | Reached XP level 15. HP: 140/140 MP: 31/31
 29643 | Orc:2    | Entered Level 2 of the Orcish Mines
 29643 | Orc:2    | Noticed an orc warlord
 29889 | Orc:2    | Found a staircase to the Elven Halls.
 29986 | Orc:2    | Found Ucumaw's Distillery.
 29993 | Orc:2    | Bought a potion of magic for 112 gold pieces
 30416 | Orc:2    | Noticed an orc warlord
 30424 | Orc:2    | Killed an orc warlord
 30510 | Orc:2    | Found Cijit's General Store.
 30521 | Orc:2    | Found Ucsassar's Antique Armour Shoppe.
 30578 | Orc:2    | Found Borar's Antique Weapon Emporium.
 30582 | Orc:2    | Found Ydirhah's Assorted Antiques.
 30711 | Orc:2    | Bought a scroll labeled GEUSYMM AREA for 32 gold pieces
 30907 | Orc:2    | Killed an orc warlord
 30981 | Orc:2    | Found Vadoej's Book Emporium.
 31072 | Orc:2    | Reached ****** piety under Vehumet
 31237 | Orc:2    | Found Violoite's Antique Weapon Boutique.
 31455 | Orc:2    | Bought quicksilver dragon scales for 1560 gold pieces
 31571 | Orc:1    | You fall through a shaft!
 32783 | D:13     | Found a gate to the Vaults.
 33623 | D:13     | Reached skill level 10 in Shields
 34078 | D:14     | Found an opulent altar of Gozag.
 34099 | D:14     | Offered knowledge of Spellforged Servitor by Vehumet.
 34851 | D:15     | Entered Level 15 of the Dungeon
 34859 | D:15     | Reached XP level 16. HP: 152/152 MP: 15/33
 35049 | D:15     | Noticed Louise
 35060 | D:15     | Killed Louise
 35759 | D:15     | Found a staircase to the Depths.
 36186 | Snake:1  | Entered Level 1 of the Snake Pit
 36563 | Snake:1  | Found Zibiheto's Armour Boutique.
 36570 | Snake:1  | Bought the +2 hat of the Bear Spirit {Spirit, +Rage rN+
                  | MR++} for 547 gold pieces
 36570 | Snake:1  | Found the +2 hat of the Bear Spirit {Spirit, +Rage rN+
                  | MR++}
 38557 | Swamp:1  | Entered Level 1 of the Swamp
 38575 | Swamp:1  | Offered knowledge of Ozocubu's Refrigeration by Vehumet.
 39552 | Swamp:1  | Noticed Roxanne
 40450 | Swamp:2  | Noticed a thorn hunter
 40458 | Swamp:2  | Killed a thorn hunter
 40608 | Swamp:2  | Reached XP level 17. HP: 129/164 MP: 35/35
 42980 | Swamp:4  | Entered Level 4 of the Swamp
 43016 | Swamp:4  | Reached skill level 1 in Polearms
 43102 | Swamp:4  | Reached skill level 5 in Polearms
 43119 | Swamp:4  | Offered knowledge of Poison Arrow by Vehumet.
 43969 | Swamp:3  | Reached skill level 10 in Polearms
 44287 | Swamp:4  | Noticed the 27-headed Lernaean hydra
 44296 | Swamp:4  | Killed the 27-headed Lernaean hydra
 44310 | Swamp:4  | Got a decaying rune of Zot
 44784 | Vaults:1 | Entered Level 1 of the Vaults
 44927 | D:13     | Reached XP level 18. HP: 151/175 MP: 36/36
 45386 | Vaults:1 | Offered knowledge of Bolt of Cold by Vehumet.
 46494 | Vaults:1 | Reached skill level 1 in Armour
 46601 | Vaults:1 | Reached skill level 15 in Spellcasting
 48490 | Vaults:2 | Offered knowledge of Fire Storm by Vehumet.
 48490 | Vaults:2 | Offered knowledge of Shatter by Vehumet.
 48490 | Vaults:2 | Offered knowledge of Chain Lightning by Vehumet.
 49170 | Vaults:2 | Reached XP level 19. HP: 126/182 MP: 38/38
 50783 | Vaults:3 | Reached skill level 5 in Armour
 51290 | Vaults:3 | Reached skill level 15 in Fire Magic
 52322 | Vaults:3 | Got a smoking wooden ring
 52323 | Vaults:3 | Identified the ring of Qawnurua {rN+ Int+4} (You found it
                  | on level 3 of the Vaults)
 52974 | Vaults:4 | Reached XP level 20. HP: 190/190 MP: 22/39
 53721 | Vaults:4 | Identified a scroll of acquirement
 54577 | Vaults:4 | Found a runed gate.
 54577 | Vaults:4 | Found a runed gate.
 54577 | Vaults:4 | Found a runed gate.
 54580 | Vaults:4 | Noticed Loreboh's ghost (veteran MiBe)
 54793 | Vaults:4 | Noticed rgaf's ghost (veteran DsFE)
 55126 | Orc:2    | Bought a book of Fire for 975 gold pieces
 55135 | Orc:2    | Learned a level 8 spell: Ignition
 55146 | Orc:2    | Learned a level 9 spell: Fire Storm
 55157 | Orc:2    | Learned a level 9 spell: Shatter
 55534 | Elf:1    | Entered Level 1 of the Elven Halls
 55629 | Elf:1    | Found a magical portal.
 55648 | WizLab   | Entered The Roulette of Golubria
 55648 | WizLab   | Found a transporter.
 55681 | WizLab   | Found a corrupted altar of Lugonu.
 55750 | WizLab   | Found a transporter.
 55899 | WizLab   | Found a transporter.
 55947 | WizLab   | Found a transporter.
 55993 | WizLab   | Found a transporter.
 56026 | WizLab   | Found a transporter.
 56045 | WizLab   | Found a transporter.
 56078 | WizLab   | Found a corrupted altar of Lugonu.
 56078 | WizLab   | Found a transporter.
 56110 | WizLab   | Found a transporter.
 56110 | WizLab   | Found a transporter.
 56165 | WizLab   | Found a transporter.
 56167 | WizLab   | Found a corrupted altar of Lugonu.
 56294 | WizLab   | Found a transporter.
 56317 | WizLab   | Found a transporter.
 56317 | WizLab   | Found a transporter.
 56434 | WizLab   | Found a transporter.
 56628 | WizLab   | Found a transporter.
 56628 | WizLab   | Found a transporter.
 57008 | WizLab   | Found a transporter.
 57008 | WizLab   | Found a transporter.
 57027 | WizLab   | Identified the +2 cloak "Ciuzesut" {-Cast rElec rPois
                  | rF+++} (You found it in a wizard's laboratory)
 57221 | WizLab   | Found a transporter.
 58040 | Elf:1    | Reached XP level 21. HP: 188/198 MP: 25/40
 58395 | Elf:1    | Found a portal to a secret trove of treasure.
 59024 | Elf:2    | Found a runed gate.
 59024 | Elf:2    | Found a runed gate.
 59025 | Elf:2    | Found a runed gate.
 59086 | Elf:2    | Found Hockuoc's General Store.
 59388 | Elf:3    | Entered Level 3 of the Elven Halls
 60060 | Elf:3    | Identified the +7 falchion "Lacertilianslayer" {drain, rF++
                  | SInv}
 60060 | Elf:3    | Identified the ring "Unket" {rElec rF+ Int+2}
 60294 | Elf:3    | Identified the +7 long sword of Okawaru's Approval {flame,
                  | Int+6}
 60353 | Elf:3    | Identified the +6 whip "Impbane" {freeze, Str+2}
 60558 | Elf:3    | Identified the Collected Works on Shifting Earth
 60567 | Elf:3    | Identified the +1 helmet "Hiteci" {rN+ MR- Str+7 Dex-4}
                  | (You found it on level 3 of the Elven Halls)
 60694 | Elf:3    | Identified the +5 ring mail of the Shoals {Str+3} (You
                  | found it on level 3 of the Elven Halls)
 60795 | Orc:2    | Bought a dazzling dagger for 175 gold pieces
 60795 | Orc:2    | Bought a transparent spear for 200 gold pieces
 60795 | Orc:2    | Identified the +5 spear "Naemnid" {flame, *Contam +Blink
                  | rF+ Int+10} (You bought it in a shop on level 2 of the
                  | Orcish Mines)
 60796 | Orc:2    | Identified the +1 dagger "Rekh" {vamp, rElec rC- Int+6}
                  | (You bought it in a shop on level 2 of the Orcish Mines)
 61356 | Snake:2  | Reached skill level 1 in Evocations
 61840 | Snake:2  | Reached XP level 22. HP: 202/206 MP: 41/41
 62246 | Snake:2  | Reached skill level 10 in Armour
 62583 | Snake:3  | Gained mutation: Your body sometimes deteriorates upon
                  | taking damage. [mutagenic glow]
 62909 | Snake:3  | Reached skill level 15 in Shields
 63137 | Snake:3  | Noticed Vashnia
 63143 | Snake:3  | Killed Vashnia
 63240 | Snake:3  | Noticed Azrael
 63341 | Snake:3  | Killed Azrael
 63717 | Snake:4  | Entered Level 4 of the Snake Pit
 63720 | Snake:4  | Found Qingash's Jewellery Shoppe.
 64223 | Snake:4  | Reached skill level 5 in Evocations
 64586 | Snake:4  | Reached skill level 15 in Fighting
 65017 | Snake:4  | Reached XP level 23. HP: 214/217 MP: 42/42
 65055 | Snake:4  | Got a serpentine rune of Zot
 65494 | Depths:1 | Entered Level 1 of the Depths
 66724 | Depths:1 | Found a gateway to Hell.
 69689 | Depths:3 | Noticed a juggernaut
 69689 | Depths:3 | Noticed a juggernaut
 69699 | Depths:3 | Killed a juggernaut
 69699 | Depths:3 | Reached XP level 24. HP: 229/229 MP: 27/42
 69703 | Depths:3 | Killed a juggernaut
 70552 | Depths:3 | Found a one-way gate leading to the halls of Pandemonium.
 70770 | Depths:4 | Found Janwups's Weapon Shoppe.
 70838 | Depths:4 | Reached skill level 10 in Evocations
 70841 | Depths:4 | Reached skill level 15 in Conjurations
 71358 | Depths:4 | Noticed Jory
 71369 | Depths:4 | Killed Jory
 71992 | Depths:4 | Found a gateway to a ziggurat.
 72270 | Depths:4 | Found a one-way gate to the infinite horrors of the Abyss.
 72688 | Depths:4 | Noticed a caustic shrike
 72700 | Depths:4 | Killed a caustic shrike
 72701 | Depths:4 | Identified the +12 quarterstaff "Ajacil" {vamp, Dex+3}
 72727 | Depths:4 | Identified the +4 hand axe of Cruel Justice {freeze, rElec
                  | rF+ Str-3 Int+4}
 72834 | Depths:4 | Identified the Handbook of Conjuration and Summoning
 73103 | Depths:5 | Entered Level 5 of the Depths
 73200 | Depths:5 | Found a runed gate.
 73201 | Depths:5 | Found a runed gate.
 73202 | Depths:5 | Found a runed gate.
 73206 | Depths:5 | Noticed garbled's ghost (legendary FoWn)
 73534 | Depths:5 | Reached XP level 25. HP: 137/241 MP: 36/43
 74489 | Depths:5 | Found a gate to the Realm of Zot.
 74516 | Depths:5 | Learned a level 6 spell: Iron Shot
 75086 | Slime:1  | Entered Level 1 of the Pits of Slime
 75163 | Slime:2  | Gained mutation: You possess an exceptional clarity of
                  | mind. [a shining eye]
 75229 | Slime:2  | Gained mutation: Your body often deteriorates upon taking
                  | damage. [a shining eye]
 75251 | Slime:3  | Noticed Dissolution
 75308 | Slime:2  | Killed Dissolution
 75312 | Slime:2  | Lost mutation: You possess an exceptional clarity of mind.
                  | [mutagenic glow]
 75482 | Slime:2  | Lost mutation: Your body often deteriorates upon taking
                  | damage. [potion of mutation]
 75482 | Slime:2  | Lost mutation: Your body sometimes deteriorates upon taking
                  | damage. [potion of mutation]
 75482 | Slime:2  | Gained mutation: You evolve. [potion of mutation]
 75482 | Slime:2  | Gained mutation: You tend to lose your temper in combat.
                  | [potion of mutation]
 75482 | Slime:2  | Gained mutation: You can exhale a cloud of poison. [potion
                  | of mutation]
 75482 | Slime:2  | Gained mutation: You have an increased reservoir of magic.
                  | (+10% MP) [potion of mutation]
 75483 | Slime:2  | Lost mutation: You tend to lose your temper in combat.
                  | [potion of mutation]
 75483 | Slime:2  | Lost mutation: You can exhale a cloud of poison. [potion of
                  | mutation]
 75483 | Slime:2  | Gained mutation: Your muscles are strong. (Str +2) [potion
                  | of mutation]
 75525 | Slime:3  | Gained mutation: Your body sometimes deteriorates upon
                  | taking damage. [a shining eye]
 75526 | Slime:3  | Gained mutation: You are frail. (-10% HP) [a shining eye]
 75531 | Slime:2  | Lost mutation: You are frail. (-10% HP) [potion of
                  | mutation]
 75531 | Slime:2  | Lost mutation: You have an increased reservoir of magic.
                  | (+10% MP) [potion of mutation]
 75531 | Slime:2  | Gained mutation: You are clumsy. (Dex -2) [potion of
                  | mutation]
 75531 | Slime:2  | Gained mutation: You have sharp fingernails. [potion of
                  | mutation]
 75725 | Slime:5  | Entered Level 5 of the Pits of Slime
 75763 | Slime:4  | Lost mutation: Your muscles are strong. (Str +2)
                  | [evolution]
 75763 | Slime:4  | Lost mutation: You evolve. [end of evolution]
 75811 | Slime:5  | Gained mutation: You occasionally shout uncontrollably at
                  | your foes. [a shining eye]
 75907 | Slime:4  | Lost mutation: You are clumsy. (Dex -2) [potion of
                  | mutation]
 75907 | Slime:4  | Lost mutation: Your body sometimes deteriorates upon taking
                  | damage. [potion of mutation]
 75907 | Slime:4  | Lost mutation: You occasionally shout uncontrollably at
                  | your foes. [potion of mutation]
 75907 | Slime:4  | Lost mutation: You have sharp fingernails. [potion of
                  | mutation]
 75907 | Slime:4  | Gained mutation: Your muscles are strong. (Str +2) [potion
                  | of mutation]
 76327 | Slime:5  | Noticed the Royal Jelly
 76332 | Slime:5  | Killed the Royal Jelly
 76412 | Slime:5  | Identified the ring "Xaggun" {rElec SInv} (You found it on
                  | level 5 of the Pits of Slime)
 76416 | Slime:5  | Identified the amulet "Qodunka" {Harm *Drain Stlth+} (You
                  | found it on level 5 of the Pits of Slime)
 76445 | Slime:5  | Identified the ring of Impatience {AC+3 Str-4 Int+2 Dex+5}
                  | (You found it on level 5 of the Pits of Slime)
 76456 | Slime:5  | Identified the +1 pair of gloves "Aress" {rElec} (You found
                  | it on level 5 of the Pits of Slime)
 76482 | Slime:5  | Got a slimy rune of Zot
 76923 | Vaults:5 | Entered Level 5 of the Vaults
 76924 | Vaults:5 | Reached XP level 26. HP: 253/253 MP: 44/44
 78066 | Vaults:5 | Identified the ring "Fyzeaf" {rCorr rElec Int+5 Dex+2}
 78487 | Vaults:5 | Identified the +7 arbalest "Ruxzasuf" {freeze, +Fly Int+6}
 78801 | Vaults:5 | Found the +12 Vampire's Tooth {vamp}
 78991 | Vaults:5 | Found the +6 shillelagh "Devastator" {shatter}
 79021 | Vaults:5 | Got a silver rune of Zot
 79111 | Vaults:5 | Reached XP level 27. HP: 262/265 MP: 33/45
 80216 | Elf:1    | You showed the slimy rune of Zot to enter a treasure trove
 80217 | Trove    | Entered a treasure trove
 80308 | Elf:1    | Reached skill level 5 in Earth Magic
 80913 | Temple   | Entered the Ecumenical Temple
 81611 | Zig:1    | Entered Level 1 of a ziggurat
 81657 | Zig:2    | Entered Level 2 of a ziggurat
 81680 | Zig:2    | Identified the Handbook of Venom and Talismans
 81737 | Zig:3    | Entered Level 3 of a ziggurat
 81758 | Zig:3    | Identified the +5 falchion "rgaf's Regret" {flame, +Inv
                  | Int+6} (You found it on level 3 of a ziggurat)
 81763 | Zig:3    | Identified the +3 chain mail "Soeviatt" {rC+ Dex+2 Stlth+}
                  | (You found it on level 3 of a ziggurat)
 81766 | Zig:4    | Entered Level 4 of a ziggurat
 81788 | Zig:4    | Identified the ring of Midnight {Str+3 Int+3 Stlth+} (You
                  | found it on level 4 of a ziggurat)
 81795 | Zig:5    | Entered Level 5 of a ziggurat
 81852 | Zig:5    | Identified Sif Muna's Volume of Evil Calling
 81870 | Zig:6    | Entered Level 6 of a ziggurat
 82116 | Zig:7    | Entered Level 7 of a ziggurat
 82171 | Zig:7    | Identified the cursed +1 leather armour of the Meadowlark
                  | {rF- rC+ Str+8} (You found it on level 7 of a ziggurat)
 82177 | Zig:8    | Entered Level 8 of a ziggurat
 82222 | Zig:8    | Identified the Guide on Bewitching Darkness
 82313 | Zig:9    | Entered Level 9 of a ziggurat
 82365 | Zig:9    | Identified the +4 chain mail of the Game of Life {rF+ Str-3
                  | Slay+2} (You found it on level 9 of a ziggurat)
 82376 | Zig:9    | Identified the +4 hand crossbow "Ponwit" {velocity, rC+ MR+
                  | Str+5} (You found it on level 9 of a ziggurat)
 82378 | Zig:9    | Identified the +5 hunting sling of Ihuanotu {venom, rC+
                  | Str+2} (You found it on level 9 of a ziggurat)
 82382 | Zig:10   | Entered Level 10 of a ziggurat
 82395 | Zig:10   | Noticed Moram the pandemonium lord
 82401 | Zig:10   | HP: 4/265 [balrug/divine providence (13)]
 82404 | Depths:4 | Succumbed to a green death's bolt of poison

Vault maps used:
D:1:      evilmike_arrival_hilbert_curve, serial_forest,
          infiniplex_forest_clump_diagonal, infiniplex_forest_clump_double,
          infiniplex_forest_lined_3_way, infiniplex_forest_straight_1,
          infiniplex_forest_clump_long, infiniplex_forest_clump_diagonal,
          minmay_octomino_e4
D:3:      first_ration, dk_vineyard_3, uniq_ijyb
D:4:      elyvilon_altar_4
D:5:      cheibrodos_helix_gallery, serial_shops, shop,
          kennysheep_generic_room_9
D:6:      old_forge, fiery_altar_vehumet, minmay_temple_entry_statues,
          basic_altar, serial_shops, shop
D:7:      minmay_the_grid_plus_closed, nicolae_ru_great_annihilating_truth,
          serial_glass, glass_columns_a, glass_columns_b, the_bakery
D:8:      serial_shops, shop, kennysheep_mini_moat, gammafunk_ghost_icy,
          minmay_manual_mess
D:9:      kennysheep_mini
D:10:     erik_lair_island, fungi_pond_lemuel, glass_columns_a,
          nicolae_qazlal_style_of_elements
D:11:     jmf_multi_god_temple2, uniq_fannar
D:12:     orc_david_3
D:13:     nzn_motion_control, erik_vaults_1
D:14:     nicolae_gozag_seed_capital
D:15:     grunt_enter_depths_snipers, uniq_louise
Temple:   dpeg_five_rooms_temple
Lair:1:   nicolae_volcano_entry_vermiform, beast_lair_carwin_8
Lair:2:   minmay_lair_oklob_chamber
Lair:3:   beast_lair_carwin_large_2, minmay_swamp_entry_worms,
          minmay_snake_entry_guardpost_medium, disabler_island
Lair:4:   grunt_megastairs_2
Lair:5:   gammafunk_mikee_crab_dinner, slime_altar_1, portal_ice_cave_rime,
          grunt_megastairs_5
Lair:6:   hangedman_lair_tendril_chambers, hangedman_lair_caniforms_friends,
          lemuel_fruit_tree
Swamp:1:  wheals_swamp_sinkhole, uniq_roxanne
Swamp:2:  nicolae_swamp_feature_on_the_river_bank, swamp_pool1,
          infiniplex_staircase_pool
Swamp:3:  hangedman_swamp_pad
Swamp:4:  grunt_swamp_rune_castle
Snake:1:  serial_shops, nicolae_shop_statue_plus, nicolae_snake_lava_pool
Snake:2:  hangedman_snake_corridor_split
Snake:3:  grunt_megastairs_3, uniq_azrael, uniq_vashnia
Snake:4:  grunt_snake_rune_pools, serial_shops, shop_statue,
          serial_bayou_shore_b
Slime:3:  dissolution_awaits
Slime:4:  cheibrodos_slime_lost_civilization_6
Orc:1:    nicolae_orc_lava_tube, mines1_david
Orc:2:    grunt_orc_gardens, grunt_orc_garden, grunt_orc_garden,
          grunt_orc_garden, grunt_orc_garden, serial_shops,
          nicolae_shop_overgrown_old_shop, shop, shop
Elf:1:    mu_enter_wizlab_5, nicolae_trove_entry_crystal, minivault_28,
          guppyfry_library_mini
Elf:2:    serial_shops, shop, spider_trap,
          nicolae_elf_glass_and_crystal_pillar_1
Elf:3:    minmay_elf_hall_x
Vaults:1: hangedman_vaults_slither, nicolae_vaults_an_arrangement, v_misc_8,
          nicolae_vaults_ninety_degrees, nicolae_vaults_little_squares_2,
          ontoclasm_vaults_twist, nicolae_vaults_circle_grid_b, v_misc_16,
          grunt_vaults_focal, nicolae_vaults_diagonal_hallway_6,
          ontoclasm_vaults_loading_screen
Vaults:2: v_misc_18, vaults_room_guarded_vault, vaults_standard_mumra_lines,
          vaults_dpeg_cross, minmay_crypt_entry_simple_walls,
          nicolae_vaults_mini_display_case, ontoclasm_vaults_idyll,
          vaults_dpeg_encased_lava
Vaults:3: v_misc_28, nicolae_vaults_circle_grid_b,
          nicolae_vaults_sealed_display, grunt_vaults_swirl,
          nicolae_vaults_network_periphery, nicolae_vaults_stairing_the_circle,
          vaults_room_hangedman_quadrants, ontoclasm_vaults_spin,
          vaults_room_large_hall, vaults_room_semicircle, vaults_mumra_lcd,
          nicolae_vaults_little_squares_3, nicolae_vaults_asterisk
Vaults:4: gammafunk_vaults_ghost_cemetery, ontoclasm_vaults_bender, v_misc_9,
          vaults_room_pools, nicolae_vaults_three_branches, v_alt_pattern_1,
          nicolae_vaults_little_squares_1, vaults_mumra_hex, v_misc_32,
          ontoclasm_vaults_pinch, v_misc_2, nicolae_vaults_alarming
Vaults:5: serial_shops
Depths:1: grunt_hell_entry_dis_grunt, serial_corexii_hall,
          chequers_hall_statues_wall_a, corexii_hall_statues_x,
          hangedman_decor_points, minmay_misc_feat_nine_boxes, minivault_15
Depths:2: lemuel_flame_loot_2, kennysheep_minor_cross, hangedman_coc_ice_floe,
          infiniplex_staircase_zigzag_1
Depths:3: minmay_dotted_concentric_squares, rand_demon_pan_entry_3, hell_entry,
          infiniplex_staircase_trident
Depths:4: kennysheep_water_balloons, enter_ziggurat_f,
          hangedman_abyss_entry_splay, hell_entry, grunt_decor_mini_mirrors,
          minmay_shop_star, infiniplex_staircase_pool_1, uniq_jory
Depths:5: evilmike_zot_entry_hall, hangedman_decor_riveting, hell_entry,
          ebering_ghost_rock_garden, abyss_entry
Zig:8:    ziggurat_pillar_centre_oklobs
Trove:    trove_alchemists_storehouse
WizLab:   wizlab_golubria

Skill      XL: |  1  2  3  4  5  6  7  8  9 10 11 12 13 14 15 16 17 18 19 20 21 22 23 24 25 26 27 |
---------------+----------------------------------------------------------------------------------+-----
Conjurations   | 2 3 4 5 7 8 10 11 12 13 14 15 16 17 19 | 19.0
Fire Magic     | 4 5 6 7 9 10 12 13 15 17 18 | 18.7
Spellcasting   | 3 4 5 7 8 9 11 12 13 14 15 16 17 18 | 18.5
Fighting       | 5 8 10 12 13 14 15 16 17 18 19 | 19.1
Shields        | 4 6 8 10 11 12 13 14 15 | 15.0
Polearms       | 12 14 | 14.0
Armour         | 3 6 8 9 11 | 11.0
Evocations     | 1 6 9 11 12 14 | 14.4
Earth Magic    | 9 |  9.3
Dodging        | |  1.5
Stealth        | |  3.0

Action                   |  1- 3 |  4- 6 |  7- 9 | 10-12 | 13-15 | 16-18 | 19-21 | 22-24 | 25-27 || total
-------------------------+-------+-------+-------+-------+-------+-------+-------+-------+-------++-------
Melee: Unarmed           |    13 |       |       |       |       |       |       |       |       ||    13
       Dagger            |     6 |       |       |       |       |       |       |       |       ||     6
       Long sword        |       |       |    48 |     9 |       |       |       |       |       ||    57
       Staff             |       |       |    13 |    11 |     5 |       |     4 |       |       ||    33
       Halberd           |       |       |     6 |    27 |       |       |       |       |       ||    33
       Constrict         |       |       |       |       |    93 |   136 |   135 |   135 |    16 ||   515
       Demon blade       |       |       |       |       |   274 |   404 |       |       |       ||   678
       Demon trident     |       |       |       |       |       |   270 |  1122 |  1281 |   372 ||  3045
 Cast: Flame Tongue      |    67 |    90 |   245 |   339 |   493 |       |       |       |       ||  1234
       Conjure Flame     |       |       |     2 |     1 |       |       |       |       |       ||     3
       Sticky Flame      |       |       |     5 |    63 |   130 |    87 |    23 |     5 |     5 ||   318
       Fireball          |       |       |    11 |    51 |    69 |   253 |   132 |    22 |     3 ||   541
       Bolt of Fire      |       |       |       |    22 |   165 |   101 |   145 |   144 |   264 ||   841
       Searing Ray       |       |       |       |     1 |    27 |     1 |     1 |       |       ||    30
       Ignition          |       |       |       |       |       |       |    39 |    99 |    65 ||   203
       Fire Storm        |       |       |       |       |       |       |       |       |     5 ||     5
 Abil: Spit Poison       |     2 |     7 |     6 |     1 |       |       |       |       |       ||    16
Evoke: Wand              |       |       |    13 |     6 |     2 |     7 |       |    15 |     1 ||    44
       Crystal ball of e |       |       |       |       |       |       |       |     2 |       ||     2
  Use: Scroll            |       |       |    13 |    13 |     9 |    12 |    22 |     4 |    20 ||    93
       Potion            |       |       |       |     3 |       |     4 |     2 |     2 |    16 ||    27
 Stab: Paralysed         |       |       |     6 |       |       |       |       |       |       ||     6
       Confused          |       |       |     1 |       |       |     1 |       |       |       ||     2
       Sleeping          |       |       |       |       |       |     2 |     3 |     1 |     1 ||     7
       Distracted        |       |       |       |       |       |       |       |     1 |       ||     1
  Eat: Chunk             |     4 |     4 |    17 |    32 |    74 |    58 |    62 |    44 |    14 ||   309
       Ration            |       |     1 |     1 |     6 |    10 |     9 |     7 |    12 |    12 ||    58
Armor: Robe              |     3 |     6 |    76 |   147 |   409 |       |       |       |       ||   641
       Quicksilver drago |       |       |       |       |    93 |   369 |   300 |   307 |   182 ||  1251
Dodge: Dodged            |    25 |    26 |    96 |   145 |   336 |   192 |   110 |   101 |    66 ||  1097
Block: Shield            |       |       |       |       |   155 |   622 |   467 |       |       ||  1244
       Reflection        |       |       |       |       |    15 |    73 |    76 |   100 |    30 ||   294
       Large shield      |       |       |       |       |       |   106 |   176 |   879 |   361 ||  1522
       Rpst.: Long sword |       |       |    12 |     3 |       |       |       |       |       ||    15
       Demon blade       |       |       |       |       |    44 |    26 |       |       |       ||    70

Table legend:
 A = Non-vault XP
 B = Vault XP
 C = Vault XP percentage of total XP
 D = Non-vault monster count
 E = Vault monster count
 F = Vault count percentage of total count
                 A         B        C        D         E       F
            +---------+---------+-------+---------+---------+-------
      Total |  784980 |  554812 |  41.4 |    1651 |     726 |  30.5
            +---------+---------+-------+---------+---------+-------
        D:1 |      47 |       9 |  16.1 |      24 |       4 |  14.3
        D:2 |      46 |       0 |   0.0 |      16 |       0 |   0.0
        D:3 |      87 |      36 |  29.3 |      18 |       1 |   5.3
        D:4 |     379 |       0 |   0.0 |      15 |       0 |   0.0
        D:5 |     487 |      39 |   7.4 |      13 |       3 |  18.8
        D:6 |     513 |     329 |  39.1 |      26 |      14 |  35.0
        D:7 |     808 |    1946 |  70.7 |      20 |      20 |  50.0
        D:8 |    2183 |     629 |  22.4 |      26 |       4 |  13.3
        D:9 |    2706 |       0 |   0.0 |      26 |       0 |   0.0
       D:10 |    3111 |     826 |  21.0 |      38 |       9 |  19.1
       D:11 |    3053 |    3075 |  50.2 |      18 |       6 |  25.0
       D:12 |    5239 |    1496 |  22.2 |      45 |       6 |  11.8
       D:13 |   10813 |    3859 |  26.3 |      50 |       5 |   9.1
       D:14 |   11198 |       0 |   0.0 |      31 |       0 |   0.0
       D:15 |   15348 |    5540 |  26.5 |      35 |       5 |  12.5
     Lair:1 |    2142 |    2292 |  51.7 |      12 |       7 |  36.8
     Lair:2 |    6034 |     580 |   8.8 |      32 |       1 |   3.0
     Lair:3 |    3091 |    2585 |  45.5 |      12 |      15 |  55.6
     Lair:4 |    3544 |     572 |  13.9 |      14 |       2 |  12.5
     Lair:5 |    9731 |     792 |   7.5 |      30 |       2 |   6.2
     Lair:6 |    7865 |   20933 |  72.7 |      27 |      90 |  76.9
    Swamp:1 |   12606 |       0 |   0.0 |      32 |       0 |   0.0
    Swamp:2 |   11924 |       0 |   0.0 |      35 |       0 |   0.0
    Swamp:3 |   17568 |     914 |   4.9 |      32 |       1 |   3.0
    Swamp:4 |   12505 |   21630 |  63.4 |      31 |      32 |  50.8
    Snake:1 |   12402 |    1633 |  11.6 |      23 |      17 |  42.5
    Snake:2 |   23154 |    5608 |  19.5 |      47 |      14 |  23.0
    Snake:3 |   23700 |   10992 |  31.7 |      43 |      15 |  25.9
    Snake:4 |   19845 |   44966 |  69.4 |      40 |      60 |  60.0
    Slime:1 |    5173 |       0 |   0.0 |      14 |       0 |   0.0
    Slime:2 |   18594 |   11202 |  37.6 |      22 |       1 |   4.3
    Slime:3 |    1773 |       0 |   0.0 |       5 |       0 |   0.0
    Slime:4 |   17506 |       0 |   0.0 |      23 |       0 |   0.0
    Slime:5 |   17613 |   32683 |  65.0 |      23 |      15 |  39.5
      Orc:1 |    3539 |     570 |  13.9 |      21 |       3 |  12.5
      Orc:2 |    4506 |   10462 |  69.9 |      31 |      24 |  43.6
      Elf:1 |   21993 |   14062 |  39.0 |      37 |      22 |  37.3
      Elf:2 |   13293 |       0 |   0.0 |      24 |       0 |   0.0
      Elf:3 |   24283 |   43957 |  64.4 |      36 |      30 |  45.5
   Vaults:1 |   30431 |   12514 |  29.1 |      54 |      24 |  30.8
   Vaults:2 |   21020 |   19044 |  47.5 |      40 |      27 |  40.3
   Vaults:3 |   41578 |   25475 |  38.0 |      66 |      36 |  35.3
   Vaults:4 |   41312 |   34391 |  45.4 |      66 |      38 |  36.5
   Vaults:5 |   50767 |  112536 |  68.9 |      79 |      87 |  52.4
   Depths:1 |   33325 |     752 |   2.2 |      55 |       2 |   3.5
   Depths:2 |   36677 |      11 |   0.0 |      41 |       1 |   2.4
   Depths:3 |   50025 |   44883 |  47.3 |      65 |      20 |  23.5
   Depths:4 |   57384 |   21019 |  26.8 |      56 |       9 |  13.8
   Depths:5 |    8111 |   20537 |  71.7 |       8 |      11 |  57.9
      Zig:1 |     562 |       0 |   0.0 |       2 |       0 |   0.0
      Zig:2 |    2189 |       0 |   0.0 |       4 |       0 |   0.0
      Zig:3 |    3374 |     471 |  12.2 |       4 |       1 |  20.0
      Zig:4 |    4713 |       0 |   0.0 |       7 |       0 |   0.0
      Zig:5 |    8409 |       0 |   0.0 |       6 |       0 |   0.0
      Zig:6 |   11017 |       0 |   0.0 |       6 |       0 |   0.0
      Zig:7 |    7687 |       0 |   0.0 |      15 |       0 |   0.0
      Zig:8 |   13380 |    2719 |  16.9 |      11 |       5 |  31.2
      Zig:9 |    9278 |       0 |   0.0 |      18 |       0 |   0.0
     Zig:10 |    3339 |       0 |   0.0 |       1 |       0 |   0.0
     WizLab |       0 |   16243 | 100.0 |       0 |      37 | 100.0
            +---------+---------+-------+---------+---------+-------
